 Dungeon Crawl Stone Soup version 0.30-a0-1160-g6e42c06551 (webtiles) character file.

Game seed: 1481474241232537513

3 freelancePsychic the Sneak (level 1, 0/11 HPs)
             Began as a Vine Stalker Delver on Apr 26, 2023.
             Was an Initiate of Uskayaw.
             Slain by a scorpion (2 damage)
             ... on level 5 of the Dungeon.
             The game lasted 00:02:03 (323 turns).

freelancePsychic the Sneak (Vine Stalker Delver)     Turns: 323, Time: 00:02:04

Health: 0/11       AC:  3    Str: 14    XL:     1   Next: 50%
Magic:  0/2        EV: 11    Int: 10    God:    Uskayaw [......]
Gold:   0          SH:  0    Dex: 15    Spells: 0/0 levels left

rFire   . . .        a - +0 short sword
rCold   . . .        (no shield)
rNeg    . . .        b - +0 leather armour
rPois   .            (no helmet)
rElec   .            (no cloak)
rCorr   .            (no gloves)
SInv    .            (no boots)
Will    .....        (no amulet)
Stlth   +++          (no ring)
HPRegen 0.21/turn    (no ring)
MPRegen 0.08/turn

%: guardian spirit
@: lethally poisoned (0 -> -7)
A: fangs 2, magic shield, antimagic bite, no potion heal 2
a: Renounce Religion


You were on level 5 of the Dungeon.
You worshipped Uskayaw.
Uskayaw was noncommittal.
You visited 2 branches of the dungeon, and saw 2 of its levels.

Inventory:

Hand Weapons
 a - a +0 short sword (weapon)
Armour
 b - a +0 leather armour (worn)
Wands
 g - a wand of digging (1)
Scrolls
 c - a scroll of fog


   Skills:
 + Level 2.7 Fighting
 * Level 1.9 Short Blades
 - Level 1.6 Dodging
 + Level 6.0 Stealth


You couldn't memorise any spells.
You didn't know any spells.
Your spell library was empty.

Dungeon Overview and Level Annotations

Branches:
Dungeon (5/15)             Temple (1/1) D:5

Altars:
Ashenzari
Fedhas
Gozag
Nemelex Xobeh
Okawaru
Sif Muna
Uskayaw
Wu Jian
Xom
Yredelemnul
Zin
The Shining One


Innate Abilities, Weirdness & Mutations

You have extremely sharp teeth.
When hurt, damage is shared between your health and your magic reserves.
Your bite disrupts and absorbs the magic of your enemies.
Potions cannot restore your health.


Message History

There is an iron altar of Okawaru here.
You enter the shallow water.
Moving in this stuff is going to be slow.
You enter the shallow water.
Moving in this stuff is going to be slow.
You enter the shallow water.
Moving in this stuff is going to be slow.
You enter the shallow water.
Moving in this stuff is going to be slow.
There is a glowing silver altar of Zin here.
You enter the shallow water.
Moving in this stuff is going to be slow.
There is a staircase back to the Dungeon here.
You enter the shallow water.
Moving in this stuff is going to be slow.
Partly explored, can't reach some places.
Search for what [? for help]? usk
There is a staircase back to the Dungeon here.
There is a broken altar of Ashenzari here.
There is an ornate altar of the Wu Jian Council here.
There is a hide-covered altar of Uskayaw here.
You kneel at the altar of Uskayaw.
Uskayaw welcomes you!
There is a staircase back to the Dungeon here.
You climb upwards.
The scorpion stings you.
You are lethally poisoned!
The scorpion poisons you!
There is a staircase to the Ecumenical Temple here.
There is a lethal amount of poison in your body!
You aren't carrying any potions.
As you read the scroll labelled IDINKYXZILL, it crumbles to dust.
It is a scroll of identify.
You don't currently have any unidentified items.
You feel very sick. The scorpion closely misses you.
You feel sick.
The scorpion stings you but does no damage.
* * * LOW HITPOINT WARNING * * *
You feel sick. The scorpion barely misses you. The scorpion stings you.
You die...

*,***,,*,*,,,,,,,* *
*,#..,,,,,,,**,*,***
*,#.#,,***,***,,,,,+
*,#.#,,***,* ***,***
*,...,,,,,,****,,* *
**#.#*****,,,,,,,***
#.# *,,,,,,,,,, #.#
*,,,,,,,*,* #@#
*,,,,,,,,,, #s#
*,,,,,,,*** #.#
*,,,,,,,* #.#
*,,,,,,,* #.#
***#***** #.#
*,..,,,,* #.#
####.##***,*
#.###.....####,***
#..##.##..#...,,,,


You could see a scorpion.

Vanquished Creatures
  An orc (D:5)
  A quokka (D:5)
2 creatures vanquished.

Notes
Turn   | Place    | Note
-------+----------+-------------------------------------------
     0 | D:5      | freelancePsychic the Vine Stalker Delver began the quest
                  | for the Orb.
     0 | D:5      | Reached XP level 1. HP: 11/11 MP: 2/2
    47 | D:5      | Noticed a centaur
    63 | D:5      | Noticed a scorpion
    82 | D:5      | Found a staircase to the Ecumenical Temple.
    91 | Temple   | Entered the Ecumenical Temple
   305 | Temple   | Became a worshipper of Uskayaw the Reveller
   323 | D:5      | Slain by a scorpion

Illustrated notes

Levels and vault maps discovered:
D:5:      minmay_angry_zag, layout_loops_cross, lemuel_doored_altar,
          lemuel_coloured_pillars_altar, uniq_blork_the_orc
Temple:   chequers_temple_sunken

Action                     || total
---------------------------++-------
  Melee: Short sword       ||     8
         Bite              ||     3
  Evoke: Wand              ||     2
    Use: Scroll            ||     3
         Potion            ||     1
   Stab: Distracted        ||     1
 Armour: Leather armour    ||     2
  Dodge: Dodged            ||     6

Table legend: (Time is in decaauts)
 A = Elapsed time spent in this place.
 B = Non-inter-level travel time spent in this place.
 C = Inter-level travel time spent in this place.
 D = Time resting spent in this place.
 E = Time spent auto-exploring this place.
 F = Levels seen in this place.
 G = Mean time per level.
                   A        B        C        D        E       F      G
               +--------+--------+--------+--------+--------+-----+--------+
         Total |    350 |    320 |     30 |     16 |    212 |   2 |  175.0 |
       Dungeon |     82 |     82 |      0 |      0 |      0 |   1 |   82.0 |
        Temple |    267 |    237 |     30 |     16 |    212 |   1 |  267.0 |
               +--------+--------+--------+--------+--------+-----+--------+

Top non-repeatable levels by time:
  Temple: 267 daAuts
     D:5: 82 daAuts
